 Dungeon Crawl Stone Soup version 0.26-a0-540-g8a0c9464d7 (webtiles) character file.

Game seed: 3169244315025463950

56 kae the Chiller (level 3, -3/24 HPs)
             Began as a Merfolk Ice Elementalist on Aug 20, 2020.
             Slain by a goblin
             ... wielding a +0 club
             ... led by Robin
              (6 damage)
             ... on level 2 of the Dungeon.
             The game lasted 00:01:17 (2196 turns).

kae the Chiller (Merfolk Ice Elementalist)          Turns: 2196, Time: 00:01:18

Health: -3/24      AC:  2    Str:  8    XL:     3   Next: 97%
Magic:  7/7        EV: 13    Int: 15    God:
Gold:   97         SH:  0    Dex: 14    Spells: 6/7 levels left

rFire    . . .     SeeInvis .   i - +0 whip
rCold    . . .     Faith    .   (no shield)
rNeg     . . .     Spirit   .   a - +0 robe
rPois    .         Reflect  .   (no helmet)
rElec    .         Harm     .   (no cloak)
rCorr    .                      (no gloves)
MR       .....                  (no boots)
Stlth    ++........             (no amulet)
HPRegen  0.08/turn              (no ring)
MPRegen  0.10/turn              (no ring)

@: about to teleport
A: change form in water, swift swim, stealthy swim
a: no special abilities


You were on level 2 of the Dungeon.
You visited 1 branch of the dungeon, and saw 2 of its levels.

You collected 97 gold pieces.

Inventory:

Hand Weapons
 i - a +0 whip (weapon)
Armour
 a - a +0 robe (worn)
Scrolls
 g - a scroll of identify {unknown}
 l - a scroll of immolation {unknown}
 m - a scroll of noise {unknown}
Potions
 c - 2 potions of flight {unknown}
 d - a potion of haste {unknown}
 e - a potion of heal wounds {unknown}
 h - a potion of curing {unknown}
 j - a potion of brilliance {unknown}
 k - a potion of mutation {unknown}


   Skills:
 - Level 2.6 Dodging
 - Level 2.1 Stealth
 + Level 2.6 Spellcasting
 * Level 5.5 Ice Magic


You had 6 spell levels left.
You knew the following spells:

 Your Spells              Type           Power        Failure   Level
a - Freeze                Ice            ###.         2%          1

Your spell library contained the following spells:

 Spells                   Type           Power        Failure   Level
 Frozen Ramparts          Ice            ###...       6%          3
 Ozocubu's Armour         Ice            ###.....     6%          3
 Hailstorm                Conj/Ice       ##......     54%         4
 Summon Ice Beast         Ice/Summ       ##......     54%         4


Dungeon Overview and Level Annotations

Branches:
Dungeon (2/15)

Altars:
Dithmenos
Gozag
Okawaru
Zin

Annotations:
D:2 Robin


Message History

A hobgoblin comes into view. It is wielding a +0 club.
A goblin comes into view. It is wielding a +0 dagger.
The goblin completely misses you.
The hobgoblin moves out of view.
The goblin shouts!
The hobgoblin shouts!
You hit the goblin.
The goblin is heavily wounded.
The goblin hits you with a +0 dagger. The goblin closely misses you.
Robin says, "A pitiful Merfolk like you will never find the ORB!"
Robin throws the goblin at you!
Okay, then.
As you read the scroll labeled TYAFAKKEESH, it crumbles to dust.
You feel blessed for a moment.
It was a scroll of remove curse.
The goblin hits you with a +0 dagger. The goblin hits you with a +0 club.
The goblin completely misses you.
As you read the scroll labeled HEDEIK HECAINA, it crumbles to dust.
You feel strangely unstable.
It was a scroll of teleportation.
The goblin hits you with a +0 dagger!
* * * LOW HITPOINT WARNING * * *
The goblin closely misses you. The goblin hits you with a +0 club.
You die... #.._.... #....... ### #..... ..# #... ####.# ###.# ...g. ...)# ggg# ....# gg#

....# #g#
....############@#..#
##.............gg#..#
......############..#
.....†#....... ..#
..#.#...###########.#
........#.........#.#
#######.#.#######.#.#
#...(........>#
#.#.........#.#


You could see Robin, 2 hobgoblins and 6 goblins.

Vanquished Creatures
  An adder (D:2)
  An ooze (D:2)
  2 worms (D:2)
  3 dart slugs
  2 giant cockroaches (D:1)
  2 goblins
  5 hobgoblins
  2 jackals (D:1)
  6 kobolds
  A ball python (D:1)
  2 bats
  A frilled lizard (D:2)
  4 rats (D:2)
32 creatures vanquished.

Vanquished Creatures (others)
  4 toadstools (D:2)
4 creatures vanquished.

Grand Total: 36 creatures vanquished

Notes
Turn   | Place    | Note
-------+----------+-------------------------------------------
     0 | D:1      | kae the Merfolk Ice Elementalist began the quest for the
                  | Orb.
     0 | D:1      | Reached XP level 1. HP: 13/13 MP: 3/3
   305 | D:1      | Reached XP level 2. HP: 19/19 MP: 3/5
   677 | D:1      | Reached skill level 5 in Ice Magic
   992 | D:1      | Reached XP level 3. HP: 24/24 MP: 4/6
  2117 | D:2      | Found a glowing silver altar of Zin.
  2118 | D:2      | Found an opulent altar of Gozag.
  2148 | D:2      | Found an iron altar of Okawaru.
  2148 | D:2      | Found a shadowy altar of Dithmenos.
  2191 | D:2      | Noticed Robin
  2196 | D:2      | Slain by a goblin

Illustrated notes

Levels and vault maps discovered:
D:1:      saegor_arrival_simple_a, layout_basic
D:2:      layout_basic, chequers_temple_overflow_statue_of_worship,
          minmay_gold_behind_fungi, kennysheep_generic_room_5,
          uniq_crazy_yiuf_cottage, uniq_robin

Skill      XL: |  1  2 |
---------------+-------+-----
Ice Magic      | 5 |  5.5
Dodging        | |  2.6
Stealth        | |  2.1
Spellcasting   | |  2.6

Action                   || total
-------------------------++-------
Melee: Unarmed           ||    27
       Whip              ||    42
 Cast: Freeze            ||    47
  Use: Scroll            ||     2
Armor: Robe              ||    13
Dodge: Dodged            ||    68

Table legend: (Time is in decaauts)
 A = Elapsed time spent in this place.
 B = Non-inter-level travel time spent in this place.
 C = Inter-level travel time spent in this place.
 D = Time resting spent in this place.
 E = Time spent auto-exploring this place.
 F = Levels seen in this place.
 G = Mean time per level.
                   A        B        C        D        E       F      G
               +--------+--------+--------+--------+--------+-----+--------+
         Total |   2199 |   2191 |      8 |    343 |   1597 |   2 | 1099.5 |
       Dungeon |   2199 |   2191 |      8 |    343 |   1597 |   2 | 1099.5 |
               +--------+--------+--------+--------+--------+-----+--------+

Top non-repeatable levels by time:
     D:1: 1149 daAuts
     D:2: 1049 daAuts
